 Dungeon Crawl Stone Soup version 0.30-a0-723-gc1506a1cf0 (webtiles) character file.

Game seed: 10790684731278423660

21366 browni3141 the Grappler (level 12, -6/177 HPs)
             Began as a Troll Berserker on Jan 28, 2023.
             Was a High Priest of Trog.
             Mangled by a manticore (11 damage)
             ... on level 11 of the Dungeon.
             The game lasted 00:33:37 (13025 turns).

browni3141 the Grappler (Troll Berserker)          Turns: 13025, Time: 00:33:38

Health: -6/177     AC: -1    Str: 32    XL:     12   Next: 53%
Magic:  11/11      EV: 10    Int:  5    God:    Trog [*****.]
Gold:   362        SH: 10    Dex: 12    Spells: 11/11 levels left

rFire   + + +      SeeInvis .      - Unarmed
rCold   . . .      Faith    .    G - +0 kite shield
rNeg    + . .      Spirit   .    L - +0 troll leather armour
rPois   .          Reflect  .    (helmet restricted)
rElec   .          Harm     .    y - +0 cloak
rCorr   .          Rampage  .    (gloves unavailable)
Will    +++..                    (boots unavailable) Stlth
                                 (no amulet)
HPRegen 3.09/turn                p - ring of Negaohuo {*Corrode Fly rF++ Will+ Int+2}
MPRegen 0.12/turn                B - ring of Xeeggie {+Blink rF+ rN+ Dex+3}

@: berserking, strong-willed, spiked, corroded, flying, regenerating, very quick
A: large, unfitting armour, claws 3, regeneration 1, shaggy fur 1, tough skin 1
a: Renounce Religion, Evoke Blink, Berserk, Trog's Hand, Brothers in Arms


You were on level 11 of the Dungeon.
You worshipped Trog.
Trog was extremely pleased with you.
You visited 2 branches of the dungeon, and saw 13 of its levels.
You also visited: Ossuary and Bailey.

You collected 2037 gold pieces.
You spent 1675 gold pieces at shops.

Inventory:

Missiles
 c - 30 poisoned darts
 o - 3 throwing nets
 q - 4 silver boomerangs
 r - 5 large rocks
 s - 39 boomerangs (quivered)
 w - 20 boomerangs of dispersal
 F - a curare-tipped dart
Armour
 a - a +0 animal skin
 j - the +1 robe of Kecotuph {Int+3 Dex+3}
   (You bought it in a shop on level 3 of the Dungeon)

   Int:       It affects your intelligence (+3).
   Dex:       It affects your dexterity (+3).
 y - a +0 cloak (worn)
 G - a +0 kite shield (worn)
 L - a +0 troll leather armour (worn)
Jewellery
 p - the ring of Negaohuo (left claw) {*Corrode Fly rF++ Will+ Int+2}
   (You found it on level 4 of the Dungeon)

   [ring of flight]

   Int:       It affects your intelligence (+2).
   rF:        It greatly protects you from fire.
   Fly:       It grants you flight.
   *Corrode:  It may corrode you when you take damage.
   Will:      It increases your willpower.
 v - a ring of see invisible
 B - the ring of Xeeggie (right claw) {+Blink rF+ rN+ Dex+3}
   (You found it in a bailey)

   [ring of protection from fire]

   Dex:       It affects your dexterity (+3).
   rF:        It protects you from fire.
   rN:        It protects you from negative energy.
   +Blink:    It lets you blink.
 H - a ring of fire
 K - a ring of fire
Wands
 f - a wand of charming (6)
 l - a wand of roots (31)
 u - a wand of mindburst (2)
 x - a wand of light (11)
 D - a wand of polymorph (8)
 E - a wand of flame (10)
Potions
 b - 3 potions of resistance {unknown}
 d - 8 potions of heal wounds
 e - 4 potions of might
 g - 10 potions of curing
 h - 4 potions of lignification {unknown}
 i - 7 potions of degeneration {unknown}
 k - a potion of attraction {unknown}
 m - 6 potions of berserk rage {unknown}
 n - 4 potions of mutation
 t - a potion of haste {unknown}
 z - a potion of magic {unknown}
 A - 6 potions of flight
 C - 3 potions of brilliance {unknown}
 I - 2 potions of invisibility
 M - a potion of cancellation {unknown}
Miscellaneous
 J - a condenser vane


   Skills:
 + Level 7.5 Fighting
 * Level 9.9 Throwing
 + Level 6.1 Dodging
 - Level 1.0 Stealth
 * Level 9.2 Shields
 * Level 11.2 Unarmed Combat


You had 11 spell levels left.
You didn't know any spells.
Your spell library was empty.

Dungeon Overview and Level Annotations

Branches:
Dungeon (11/15)            Temple (0/1) D:7            Lair (0/5) D:8
    Orc (2/2) D:9             Elf (0/3) Orc:2       Ossuary (visited)
 Bailey (visited)

Altars:
Gozag
Hepliaklqana
Okawaru

Shops:
D:3 [   D:5 ((   Orc:1 !   Orc:2 *?[(*


Innate Abilities, Weirdness & Mutations

You are too large for most types of armour.
You have claws for hands.
Your natural rate of healing is unusually fast.
You are covered in fur. (AC +1)
You have tough skin. (AC +1)


Message History

You throw a boomerang. The boomerang hits the manticore!
The manticore is moderately wounded.
The manticore flicks its tail.
The volley of spikes hits you!
The barbed spikes become lodged in your body.
Your corrosive artefact corrodes you!
You are too injured to fight recklessly!
Throw: 39 boomerangs
Press: ? - help, Q - select action, (/) - cycle Shift-Dir - straight line, f/p - manticore
Aim: a manticore (moderately wounded, poisoned, 75% to hit)
You throw a boomerang. The boomerang hits the manticore.
The manticore is heavily wounded.
You closely miss the manticore.
The manticore is heavily wounded.
You claw the manticore!
The manticore is severely wounded.
You block the manticore's attack. The manticore claws you! x2
* * * LOW HITPOINT WARNING * * *
A red film seems to cover your vision as you go berserk!
You feel yourself moving faster!
You feel mighty! The manticore bites you!!
* * * LOW HITPOINT WARNING * * *
The manticore claws you.
* * * LOW HITPOINT WARNING * * *
The manticore barely misses you.
You scratch the manticore but do no damage.
The manticore is severely wounded.
The manticore bites you.
* * * LOW HITPOINT WARNING * * *
The manticore claws you.
* * * LOW HITPOINT WARNING * * *
The manticore claws you.
* * * LOW HITPOINT WARNING * * *
You barely miss the manticore.
The manticore is severely wounded.
You barely miss the manticore.
The manticore is severely wounded.
The manticore bites you!!
* * * LOW HITPOINT WARNING * * *
The manticore closely misses you. The manticore claws you!
You die...

..# #. ##..#..##### ##
#..........# ## #
...(.......# ##.### #
...........# #....###
...........## #......###
............###.......##
......$...†..#.........#
......H@..#............#
....(.....##............
..........###...........
.........## ##..........
.........# #...........
#.......## #...........
###.....# #...........
###..## #........#..
#..........#


You could see a manticore (poisoned).

Vanquished Creatures
  An orc warlord (Orc:2)
  An ogre mage (Orc:1)
  The ghost of Iich the Fighter, a novice DsFi of Gozag (D:10)
  2 two-headed ogres
  2 orc high priests (Orc:2)
  Pikel (D:6)
  A manticore (D:11)
  2 orc sorcerers (Orc:2)
  A gargoyle (D:10)
  A komodo dragon (D:11)
  2 trolls
  A shadow (D:10)
  12 yaks (D:9)
  A wyvern (D:10)
  A basilisk (D:9)
  Eustachio (D:4)
  A steam dragon (D:7)
  2 wargs (Orc:2)
  2 water moccasins
  Edmund (D:5)
  Duvessa (D:4)
  31 orc warriors
  A black bear (D:8)
  3 sky beasts
  3 ice beasts
  5 ogres
  3 centaurs
  2 lemures (D:6)
  A phantom (D:6)
  7 kobold brigands
  An elf zombie (D:4)
  Blork the orc (D:4)
  4 necrophages
  4 bullfrogs
  3 gnoll sergeants
  4 water moccasin zombies (Ossuary)
  7 scorpions
  9 wights
  Dowan (D:4)
  15 killer bees
  3 howler monkeys
  A hound (D:4)
  3 human zombies (D:4)
  A gnoll bouda (D:10)
  10 orc priests
  A jelly (D:7)
  Crazy Yiuf (D:7)
  Jessica (D:2)
  2 human skeletons (D:4)
  Terence (D:2)
  2 iguanas (D:5)
  24 orc wizards
  Ijyb (D:4)
  2 mummies (Ossuary)
  16 gnolls
  10 adders
  A shadow imp (D:6)
  3 white imps
  An ufetubus (D:7)
  4 adder zombies (Ossuary)
  2 worms (D:2)
  2 dart slugs
  86 orcs
  11 ball pythons
  12 endoplasms
  5 giant cockroaches
  4 gnoll zombies (Ossuary)
  14 goblins
  8 hobgoblins
  3 quokkas
  6 bats
  11 frilled lizards
  6 hobgoblin zombies (Ossuary)
  24 kobolds
  8 kobold zombies (Ossuary)
  5 orc zombies (Ossuary)
  5 rats
443 creatures vanquished.

Vanquished Creatures (collateral kills)
  2 two-headed ogres (Orc:1)
  A wraith (D:9)
  3 yaks (D:9)
  An orc warrior (D:9)
  An ogre (Orc:1)
  A kobold brigand (D:9)
  3 gnoll sergeants (D:9)
  An orc (D:9)
13 creatures vanquished.

Vanquished Creatures (others)
  An orc warrior (D:9)
  A wight (D:7)
  2 kobolds (D:7)
  10 fungi (D:8)
  9 plants (D:8)
23 creatures vanquished.

Grand Total: 479 creatures vanquished

Notes
Turn   | Place    | Note
-------+----------+-------------------------------------------
     0 | D:1      | browni3141 the Troll Berserker began the quest for the Orb.
     0 | D:1      | Reached XP level 1. HP: 22/22 MP: 0/0
   191 | D:1      | Reached XP level 2. HP: 29/29 MP: 1/1
   596 | D:1      | Reached skill level 1 in Stealth
   795 | D:2      | Reached ** piety under Trog
   855 | D:2      | Reached XP level 3. HP: 36/36 MP: 2/2
   972 | D:2      | Noticed Terence
   976 | D:2      | Killed Terence
  1030 | D:2      | Noticed Jessica
  1042 | D:2      | Killed Jessica
  1043 | D:2      | Reached skill level 1 in Throwing
  1043 | D:2      | Reached XP level 4. HP: 22/45 MP: 3/3
  1810 | D:3      | Found Ytruecyi's Antique Armour Boutique.
  1824 | D:3      | Bought a transparent robe for 148 gold pieces
  1824 | D:3      | Identified the +1 robe of Kecotuph {Int+3 Dex+3} (You
                  | bought it in a shop on level 3 of the Dungeon)
  1898 | D:3      | Reached skill level 4 in Unarmed Combat
  1898 | D:3      | Reached XP level 5. HP: 47/52 MP: 4/4
  1903 | D:3      | Found a faded altar of an unknown god.
  2316 | D:3      | Reached *** piety under Trog
  2502 | D:4      | Noticed Ijyb
  2508 | D:4      | Killed Ijyb
  2550 | D:4      | Noticed Duvessa
  2690 | D:4      | Reached XP level 6. HP: 20/62 MP: 5/5
  2717 | D:4      | Noticed Blork the orc
  2723 | D:4      | Killed Blork the orc
  2845 | D:4      | Reached skill level 5 in Unarmed Combat
  2856 | D:4      | Reached XP level 7. HP: 69/70 MP: 6/6
  2884 | D:4      | Found a sand-covered staircase.
  2897 | Ossuary  | Entered an ossuary
  2991 | Ossuary  | Reached **** piety under Trog
  3159 | D:4      | Noticed Eustachio
  3177 | D:4      | Noticed Dowan
  3581 | D:4      | Identified the ring of Negaohuo {*Corrode Fly rF++ Will+
                  | Int+2}
  3737 | D:4      | Reached skill level 6 in Unarmed Combat
  3853 | D:5      | Entered Level 5 of the Dungeon
  3869 | D:5      | Found Doraehuu's Antique Weapon Boutique.
  3884 | D:5      | Noticed Edmund
  3900 | D:5      | Killed Edmund
  3901 | D:5      | Reached skill level 5 in Fighting
  3901 | D:5      | Reached XP level 8. HP: 80/80 MP: 7/7
  4061 | D:5      | Reached skill level 5 in Throwing
  4283 | D:5      | Found Pillolet's Weapon Shop.
  4380 | D:5      | Reached skill level 7 in Unarmed Combat
  4535 | D:5      | Found an iron altar of Okawaru.
  4800 | D:6      | Noticed Pikel
  4823 | D:6      | Killed Pikel
  4824 | D:6      | Reached XP level 9. HP: 89/89 MP: 8/8
  5172 | D:6      | Reached skill level 8 in Unarmed Combat
  5575 | D:6      | Found an opulent altar of Gozag.
  5793 | D:7      | Reached ***** piety under Trog
  5968 | D:7      | Found a staircase to the Ecumenical Temple.
  6033 | D:7      | Found a runed translucent door.
  6034 | D:7      | Noticed Crazy Yiuf
  6135 | D:7      | Reached XP level 10. HP: 98/98 MP: 9/9
  6148 | D:7      | Reached skill level 9 in Unarmed Combat
  6403 | D:7      | Killed Crazy Yiuf
  6572 | D:4      | Killed Duvessa
  6575 | D:4      | Killed Dowan
  7446 | D:4      | Killed Eustachio
  7876 | D:8      | Found a flagged portal.
  7882 | Bailey   | Entered a bailey
  7955 | Bailey   | Received a gift from Trog
  8017 | Bailey   | Identified the ring of Xeeggie {+Blink rF+ rN+ Dex+3}
  8079 | Bailey   | Reached skill level 5 in Dodging
  8347 | D:8      | Found a staircase to the Lair.
  8582 | D:8      | Found a hazy altar of Hepliaklqana.
  8908 | D:9      | Reached skill level 10 in Unarmed Combat
  9044 | D:9      | Reached XP level 11. HP: 98/109 MP: 10/10
  9418 | D:9      | Found a staircase to the Orcish Mines.
  9882 | Orc:1    | Entered Level 1 of the Orcish Mines
  9882 | Orc:1    | Noticed an ogre mage
  9882 | Orc:1    | Noticed a two-headed ogre
  9882 | Orc:1    | Noticed a two-headed ogre
  9882 | Orc:1    | Noticed a two-headed ogre
  9885 | Orc:1    | Killed a two-headed ogre
  9889 | Orc:1    | Killed an ogre mage
  9890 | Orc:1    | Killed a two-headed ogre
  9895 | Orc:1    | Killed a two-headed ogre
  9896 | Orc:1    | Reached skill level 5 in Shields
  9969 | Orc:2    | Entered Level 2 of the Orcish Mines
  9969 | Orc:2    | Noticed an orc sorcerer
  9978 | Orc:2    | Killed an orc sorcerer
  9991 | Orc:2    | Found Befuenn's Gadget Gallery.
 10073 | Orc:2    | Found Waosut's Jewellery Emporium.
 10417 | Orc:2    | Noticed an orc warlord
 10439 | Orc:2    | Killed an orc warlord
 10454 | Orc:2    | Reached XP level 12. HP: 92/118 MP: 11/11
 10556 | Orc:2    | Noticed an orc high priest
 10783 | Orc:2    | Killed an orc high priest
 10849 | Orc:2    | Noticed an orc high priest
 10859 | Orc:2    | Killed an orc high priest
 10968 | Orc:2    | Found Icilibuo's Assorted Antiques.
 10977 | Orc:2    | Bought a bubbling blue potion for 22 gold pieces
 10977 | Orc:2    | Bought 2 glowing pink potions for 45 gold pieces
 11127 | Orc:2    | Found a staircase to the Elven Halls.
 11168 | Orc:2    | Found Ydghol's Antique Armour Emporium.
 11173 | Orc:2    | Found Riqek's Antique Weapon Shoppe.
 11314 | Orc:2    | Found Zafap's Magic Scroll Emporium.
 11518 | Orc:1    | Found Haivoeng's Distillery.
 11529 | Orc:1    | Bought a potion of might for 52 gold pieces
 11529 | Orc:1    | Bought a potion of invisibility for 104 gold pieces
 11529 | Orc:1    | Bought a potion of heal wounds for 65 gold pieces
 11529 | Orc:1    | Bought a potion of curing for 39 gold pieces
 11529 | Orc:1    | Bought 3 potions of mutation for 312 gold pieces
 11529 | Orc:1    | Bought a potion of heal wounds for 65 gold pieces
 11529 | Orc:1    | Bought 2 potions of curing for 78 gold pieces
 11529 | Orc:1    | Bought a potion of heal wounds for 65 gold pieces
 11908 | Orc:2    | Bought a condenser vane for 680 gold pieces
 11964 | D:10     | Entered Level 10 of the Dungeon
 12023 | D:10     | Found a large runed translucent door.
 12024 | D:10     | Found a large runed translucent door.
 12028 | D:10     | Noticed Iich's ghost (novice DsFi)
 12199 | D:10     | Reached skill level 11 in Unarmed Combat
 12404 | D:10     | Identified the +7 arbalest "Moed" {freeze, Will+ Int+3}
 12673 | D:10     | Killed Iich's ghost
 12713 | D:11     | Noticed a two-headed ogre
 12719 | D:11     | Killed a two-headed ogre
 13025 | D:11     | HP: 5/177 [manticore (21)]
 13025 | D:11     | Mangled by a manticore

Illustrated notes

Levels and vault maps discovered:
D:1:      minmay_arrival_cross, layout_loops_corners, minmay_tetromino_t4
D:2:      layout_loops_cross, uniq_terence, uniq_jessica
D:3:      layout_loops_corners, serial_shops, shop,
          nicolae_ecumenical_snake_handling, kennysheep_generic_room_5
D:4:      layout_basic, nicolae_ossuary_entry_catacombs, uniq_ijyb,
          uniq_duvessa, uniq_blork_the_orc, uniq_eustachio
D:5:      layout_gridville, mainiacjoe_overflow_brackets, serial_shops,
          nicolae_shop_waterfront, kennysheep_mini_moat,
          chequers_serial_rivers_marsh, kennysheep_generic_room_14, uniq_edmund
D:6:      layout_basic, nicolae_gozag_seed_capital, grunt_ministairs_8,
          hangedman_decor_slide_cut, minmay_misc_feat_roman,
          nicolae_figureground_sparkle, uniq_pikel
D:7:      layout_cave_pools, minmay_temple_entry_junction,
          chequers_serial_rivers_room_a, minmay_unpleasant_kobolds,
          uniq_crazy_yiuf_cottage
D:8:      layout_basic, nicolae_hepliaklqana_hippocampus,
          grunt_lair_entry_orc_guard_hut, enter_bailey_3
D:9:      layout_basic, kennysheep_orc_monster_closet_entryway
D:10:     layout_loops_ring, ebering_ghost_disaster_area,
          grunt_decor_mini_mirrors
D:11:     layout_cave_pods, reono_crystal_passage
Orc:1:    layout_diamond_mine, serial_shops, shop
Orc:2:    grunt_orc_community_town_hall, layout_diamond_mine,
          grunt_orc_community_big_house_2, grunt_orc_community_big_house_1,
          grunt_orc_community_house_2, grunt_orc_community_house_2,
          grunt_orc_community_house_1, grunt_orc_community_house_3,
          grunt_orc_community_house_1, serial_shops, shop_statue,
          nicolae_shop_gadgets

Skill      XL: |  1  2  3  4  5  6  7  8  9 10 11 12 |
---------------+-------------------------------------+-----
Stealth        | 1 |  1.0
Fighting       | 3 4 5 6 7 |  7.5
Throwing       | 1 2 3 4 6 7 8 9 |  9.9
Unarmed Combat | 4 5 6 7 8 10 11 | 11.2
Dodging        | 3 4 5 6 |  6.1
Shields        | 7 9 |  9.2

Action                     |  1- 3 |  4- 6 |  7- 9 | 10-12 || total
---------------------------+-------+-------+-------+-------++-------
  Melee: Unarmed           |    81 |   165 |   392 |   606 ||  1244
         Punch             |     2 |     3 |    13 |    28 ||    46
  Throw: Dart              |       |     2 |    15 |    43 ||    60
         Boomerang         |       |       |       |     2 ||     2
 Invoke: Berserk           |       |     2 |     9 |    12 ||    23
         Trog's Hand       |       |       |     1 |     8 ||     9
         Brothers in Arms  |       |       |       |     3 ||     3
  Evoke: Wand              |       |       |     2 |     9 ||    11
   Stab: Sleeping          |     1 |     3 |     4 |     1 ||     9
         Invisible         |       |       |       |     3 ||     3
 Armour: Animal skin       |    27 |    19 |       |       ||    46
         Robe              |       |    27 |    97 |    95 ||   219
         Troll leather arm |       |       |       |     3 ||     3
  Dodge: Dodged            |    33 |    74 |   200 |   282 ||   589
  Block: Kite shield       |       |       |       |    36 ||    36

Table legend: (Time is in decaauts)
 A = Elapsed time spent in this place.
 B = Non-inter-level travel time spent in this place.
 C = Inter-level travel time spent in this place.
 D = Time resting spent in this place.
 E = Time spent auto-exploring this place.
 F = Levels seen in this place.
 G = Mean time per level.
                   A        B        C        D        E       F      G
               +--------+--------+--------+--------+--------+-----+--------+
         Total |  12994 |  11995 |    999 |    680 |   8420 |  15 |  866.3 |
       Dungeon |  10513 |   9649 |    864 |    512 |   6988 |  11 |  955.7 |
  Orcish Mines |   2013 |   1878 |    135 |    168 |   1186 |   2 | 1006.5 |
       Ossuary |    185 |    185 |      0 |      0 |     89 |   1 |  185.0 |
        Bailey |    283 |    283 |      0 |      0 |    156 |   1 |  283.0 |
               +--------+--------+--------+--------+--------+-----+--------+

Top non-repeatable levels by time:
     D:4: 2277 daAuts
   Orc:2: 1567 daAuts
     D:9: 1130 daAuts
     D:6: 1095 daAuts
     D:3: 1094 daAuts
     D:5: 937 daAuts
     D:1: 786 daAuts
    D:10: 749 daAuts
     D:2: 732 daAuts
     D:8: 701 daAuts
     D:7: 694 daAuts
   Orc:1: 445 daAuts
    D:11: 313 daAuts
  Bailey: 283 daAuts
 Ossuary: 185 daAuts
